 Dungeon Crawl Stone Soup version 0.21.1-1-g345015f (webtiles) character file.

113 Mirai the Magician (level 4, -5/24 HPs)
             Began as a Deep Elf Conjurer on Apr 2, 2018.
             Slain by Verendum's ghost (14 damage)
             ... on level 3 of the Dungeon.
             The game lasted 00:08:07 (2136 turns).

Mirai the Magician (Deep Elf Conjurer)              Turns: 2136, Time: 00:08:08

Health: -5/24      AC:  3    Str:  5    XL:     4   Next: 65%
Magic:  3/14       EV: 13    Int: 21    God:
Gold:   104        SH:  0    Dex: 15    Spells: 5/16 levels left

rFire    . . .     SeeInvis .   h - +0 dagger
rCold    . . .     Gourm    .   (no shield)
rNeg     . . .     Faith    .   a - +0 robe
rPois    .         Spirit   .   (no helmet)
rElec    .         Reflect  .   (no cloak)
rCorr    .         Harm     .   (no gloves)
MR       .....                  k - +0 pair of boots
Stlth    ++........             i - amulet of magic regeneration
HPRegen  0.08/turn              (no ring)
MPRegen  0.39/turn              (no ring)

@: no status effects
A: no striking features
a: no special abilities


You were on level 3 of the Dungeon.
You were not hungry.

You visited 1 branch of the dungeon, and saw 3 of its levels.

You collected 104 gold pieces.

Inventory:

Hand Weapons
 h - a +0 dagger (weapon)
Missiles
 f - 5 poisoned javelins (quivered)
Armour
 a - a +0 robe (worn)
 k - a +0 pair of boots (worn)
Jewellery
 i - an amulet of magic regeneration (around neck)
Scrolls
 e - a scroll of teleportation
 g - a scroll of blinking {unknown}
 j - a scroll of fog {unknown}
 l - a scroll of immolation {unknown}
 n - a scroll of fear {unknown}
 o - a scroll of amnesia {unknown}
Potions
 m - a potion of degeneration {unknown}
Books
 b - a book of Conjurations

   Spells                             Type                      Level
   a - Magic Dart                     Conjuration                  1
   b - Searing Ray                    Conjuration                  2
   c - Dazzling Spray                 Conjuration/Hexes            3
   d - Fulminant Prism                Conjuration/Hexes            4
   e - Force Lance                    Conjuration/Translocation    4
   f - Iskenderun's Mystic Blast      Conjuration                  4
Comestibles
 c - 7 rations
 d - 7 chunks of flesh


   Skills:
 - Level 2.4 Dodging
 - Level 2.4 Stealth
 + Level 6.7 Spellcasting
 - Level 4.3 Conjurations


You had 5 spell levels left.
You knew the following spells:

 Your Spells              Type           Power        Failure   Level  Hunger
a - Magic Dart            Conj           ####         1%          1    None
b - Searing Ray           Conj           ####..       2%          2    None
c - Iskenderun's Mystic   Conj           ####....     14%         4    ###....
d - Fulminant Prism       Conj/Hex       ###.......   36%         4    ###....


Dungeon Overview and Level Annotations

Branches:
Dungeon (3/15)

Altars:

Annotations:
D:3 Verendum's ghost, amateur TrMo


Message History

The searing ray hits Verendum's ghost.
Verendum's ghost is heavily damaged.
You finish channeling your searing ray.
Verendum's ghost hits you.
Unknown command.
Casting: Searing Ray
Confirm with . or Enter, or press ? or * to list all spells.
Aiming: Searing Ray
Press: ? - help, Shift-Dir - straight line, f/p - Verendum's ghost
Aim: Verendum's ghost (heavily damaged)
The searing ray hits Verendum's ghost.
Verendum's ghost is severely damaged. (Press . to maintain the ray.) Verendum's ghost barely misses you.
The searing ray misses Verendum's ghost.
Verendum's ghost hits you!
The searing ray hits Verendum's ghost.
Verendum's ghost is severely damaged.
Verendum's ghost hits you!
Ouch! That really hurt!
You die...

#....#
##......
.......
#....#
#......
.......
####.#
#......
.......
#.####......
......!
.>##........
...†...
####........
.......
#........
.......######
#........
......W@)...#
#....####
###########.#
#....#
##.####....#
#....##....#
#....#####.#
#....# #.#
#....# #.#
##.### #.#
#.#######.#


You could see Verendum's ghost.

Vanquished Creatures
  A howler monkey skeleton (D:2)
  2 adders
  An ooze (D:2)
  A worm (D:2)
  2 dart slugs (D:1)
  2 leopard geckos
  4 orcs (D:3)
  10 bats
  5 goblins
  4 hobgoblins
  7 jackals (D:1)
  A quokka (D:3)
  A ball python (D:1)
  2 frilled lizards
  5 kobolds
  24 rats
72 creatures vanquished.

Notes
Turn   | Place    | Note
-------+----------+-------------------------------------------
     0 | D:1      | Mirai the Deep Elf Conjurer began the quest for the Orb.
     0 | D:1      | Reached XP level 1. HP: 10/10 MP: 6/6
   106 | D:1      | Reached skill level 4 in Spellcasting
   106 | D:1      | Reached XP level 2. HP: 15/15 MP: 3/9
   110 | D:1      | Learned a level 2 spell: Searing Ray
   656 | D:1      | Reached XP level 3. HP: 14/19 MP: 0/11
   683 | D:1      | Reached skill level 5 in Spellcasting
  1276 | D:2      | Reached skill level 6 in Spellcasting
  1276 | D:2      | Reached XP level 4. HP: 24/24 MP: 8/14
  1682 | D:2      | Learned a level 4 spell: Iskenderun's Mystic Blast
  1690 | D:2      | Learned a level 4 spell: Fulminant Prism
  1703 | D:3      | Noticed Verendum's ghost (amateur TrMo)
  2136 | D:3      | Slain by Verendum's ghost

Skill      XL: |  1  2  3 |
---------------+----------+-----
Spellcasting   | 4 6 |  6.7
Dodging        | |  2.4
Stealth        | |  2.4
Conjurations   | |  4.3

Action                   |  1- 3 |  4- 6 || total
-------------------------+-------+-------++-------
Melee: Unarmed           |     2 |       ||     2
       Dagger            |     8 |       ||     8
 Cast: Magic Dart        |    68 |    28 ||    96
       Searing Ray       |     5 |     9 ||    14
       Iskenderun's Myst |       |     4 ||     4
  Use: Potion            |     1 |     1 ||     2
       Scroll            |       |     2 ||     2
  Eat: Chunk             |     1 |       ||     1
       Ration            |       |     1 ||     1
Armor: Robe              |     9 |     4 ||    13
Dodge: Dodged            |    59 |    23 ||    82
